 Dungeon Crawl Stone Soup version 0.17-a0-146-gd505748 (webtiles) character file.

855 PolkaDot the Jinx (level 7, -9/48 HPs)
             Began as a Vampire Enchanter on Mar 25, 2015.
             Mangled by a gnoll
             ... wielding a +2 whip of electrocution
              (19 damage)
             ... on level 4 of the Dungeon.
             The game lasted 00:11:46 (5526 turns).

PolkaDot the Jinx (Vampire Enchanter)               Turns: 5526, Time: 00:11:46

Health: -9/48      AC:  5    Str:  7    XL:     7   Next: 70%
Magic:  15/21      EV: 12    Int: 19    God:
Gold:   136        SH:  0    Dex: 14    Spells: 3 memorised, 4 levels left

rFire  + . .     SeeInvis +     a - +2 dagger
rCold  + + .     Clarity  +     i - +2 leather armour {rF+}
rNeg   + + +     SustAb   .     (no shield)
rPois  ∞         Gourm    .     (no helmet)
rElec  .         Spirit   .     (no cloak)
rCorr  .         Warding  .     (no gloves)
rMut   .         Stasis   .     (no boots)
MR     .....                    e - amulet of clarity
Stlth  +++++.....               (no ring)
                                f - ring of magical power

@: very slightly contaminated, bloodless, non-regenerating, not resistant to
hostile enchantments, quite stealthy
A: bottle blood, fangs 3, see invisible, unbreathing
a: Bat Form


You were on level 4 of the Dungeon.
You were bloodless.

You visited 1 branch of the dungeon, and saw 4 of its levels.

You collected 136 gold pieces.

Inventory:

Hand weapons
 a - a +2 dagger (weapon)
Armour
 i - a +2 leather armour of fire resistance (worn)
Jewellery
 e - an amulet of clarity (around neck)
 f - a ring of magical power (left hand)
Scrolls
 b - a scroll of identify
 g - a scroll of amnesia
Potions
 d - a potion of curing
Books
 c - a book of Maledictions

   Spells                             Type                      Level
   a - Corona                         Hexes                        1
   b - Ensorcelled Hibernation        Hexes/Ice                    2
   c - Confuse                        Hexes                        3
   d - Dazzling Spray                 Conjuration/Hexes            3
   e - Enslavement                    Hexes                        4


   Skills:
 + Level 1.2 Fighting
 - Level 4.2 Short Blades
 - Level 2.1 Dodging
 - Level 8.1 Stealth
 - Level 2.0 Spellcasting
 - Level 9.7 Hexes
 - Level 1.0 Ice Magic


You had 4 spell levels left.
You knew the following spells:

 Your Spells              Type           Power        Failure   Level  Hunger
a - Corona                Hex            #####..      1%          1    #......
c - Confuse               Hex            #####...     1%          3    ###....
d - Ensorcelled Hibernat  Hex/Ice        ###...       6%          2    ###....


Dungeon Overview and Level Annotations

Branches:
Dungeon (4/15)
 Temple: D:4-7

Altars:


Innate Abilities, Weirdness & Mutations

You do not heal naturally.
You can bottle blood from corpses.
You have razor-sharp teeth.
You have supernaturally acute eyesight.
You can survive without breathing.


Message History

Confirm with . or Enter, or press ? or * to list all spells.
Aiming: Ensorcelled Hibernation
Press: ? - help, Shift-Dir - straight line, f/p - gnoll
Aim: a gnoll, wielding a spear (chance 61%)
You miscast Ensorcelled Hibernation.
You are very lightly contaminated with residual magic.
Frost spreads across the the floor.
The gnoll hits you with a spear.
* * * LOW HITPOINT WARNING * * *
The gnoll hits you with a whip of electrocution!
* * * LOW HITPOINT WARNING * * *
Casting: Ensorcelled Hibernation
Confirm with . or Enter, or press ? or * to list all spells.
Aiming: Ensorcelled Hibernation
Press: ? - help, Shift-Dir - straight line, f/p - gnoll
Aim: a gnoll, wielding a spear (chance 61%)
The gnoll looks drowsy...
The gnoll hits you with a whip of electrocution!
* * * LOW HITPOINT WARNING * * *
You are electrocuted!
You die...

#.# ##....####.# #..†...##.
#.#
#.........#########..######.
##...####...........##...<..
###...)#.#######...........
#.##.#.#####....#.######.
#.##.[..##....###.# ##
#.#####....#####..######. ..
##)####..gg.#####.###.....
....#........@......[.....####
..........#.##.......#######
...............#...####
.............##.#.#....##
#####...#..............##
#......##..##....##.....#
#.#######......####.###.#
##.### ##...##..###.# #.#####
#....# #..#...#.##..# #.....##


You could see 2 gnolls.

Vanquished Creatures
  Grinder (D:3)
  Prince Ribbit (D:4)
  The ghost of Ngotmuk the Covered, an average DDFi (D:4)
  A water moccasin skeleton (D:4)
  An orc priest (D:3)
  A worker ant (D:4)
  2 iguanas (D:4)
  4 adders
  2 giant mites
  2 worms
  4 giant geckos
  2 oozes
  9 orcs
  2 ball pythons
  8 bats
  A bat skeleton (D:4)
  15 hobgoblins
  7 kobolds
  2 quokkas
  5 giant newts
  12 goblins
  4 jackals (D:2)
  10 rats
97 creatures vanquished.

Notes
Turn   | Place    | Note
--------------------------------------------------------------
     0 | D:1      | PolkaDot, the Vampire Enchanter, began the quest for the Orb.
     0 | D:1      | Reached XP level 1. HP: 13/13 MP: 3/3
   192 | D:1      | Reached XP level 2. HP: 17/19 MP: 4/4
   273 | D:1      | Reached skill level 5 in Hexes
   489 | D:1      | Learned a level 2 spell: Ensorcelled Hibernation
   817 | D:1      | Reached skill level 5 in Stealth
  1112 | D:1      | Reached XP level 3. HP: 21/24 MP: 6/6
  1159 | D:1      | Learned a level 3 spell: Confuse
  1181 | D:1      | Reached skill level 1 in Ice Magic
  2910 | D:2      | Reached XP level 4. HP: 6/30 MP: 0/7
  3275 | D:2      | Reached skill level 6 in Hexes
  3721 | D:3      | Noticed Grinder
  3733 | D:3      | Killed Grinder
  3733 | D:3      | Reached skill level 7 in Hexes
  3733 | D:3      | Reached XP level 5. HP: 33/35 MP: 9/9
  3733 | D:3      | Reached XP level 6. HP: 38/41 MP: 10/10
  4527 | D:4      | Reached skill level 1 in Fighting
  4676 | D:4      | Reached skill level 8 in Hexes
  5193 | D:4      | Noticed Prince Ribbit
  5204 | D:4      | Killed Prince Ribbit
  5204 | D:4      | Reached skill level 9 in Hexes
  5204 | D:4      | Reached XP level 7. HP: 43/48 MP: 12/12
  5299 | D:4      | Noticed Ngotmuk's ghost (average DDFi)
  5318 | D:4      | Killed Ngotmuk's ghost
  5526 | D:4      | Mangled by a gnoll

Action                   |  1- 3 |  4- 6 |  7- 9 || total
-------------------------+-------+-------+-------++-------
Melee: Dagger            |   135 |    83 |    14 ||   232
 Cast: Ensorcelled Hiber |    20 |    42 |     4 ||    66
       Corona            |     5 |       |       ||     5
       Confuse           |     3 |     4 |     1 ||     8
  Use: Potion            |     2 |     1 |       ||     3
       Scroll            |     1 |     2 |       ||     3
 Stab: Sleeping          |    23 |    38 |     2 ||    63
       Confused          |     1 |     3 |     3 ||     7
       Distracted        |     1 |     1 |       ||     2
